 Dungeon Crawl Stone Soup version 0.25-a0-504-g768f60da87 (webtiles) character file.

Game seed: 17086150294256166530, levelgen mode: deterministic

126 Gargoyl the Skirmisher (level 4, 0/40 HPs)
             Began as a Centaur Abyssal Knight on Feb 14, 2020.
             Was a Believer of Lugonu.
             Killed by divine providence
             ... invoked by an orc priest
              (13 damage)
             ... on level 3 of the Dungeon.
             The game lasted 00:03:07 (1858 turns).

Gargoyl the Skirmisher (Centaur Abyssal Knight)     Turns: 1858, Time: 00:03:08

Health: 0/40       AC:  7    Str: 15    XL:     4   Next: 83%
Magic:  6/6        EV:  8    Int: 11    God:    Lugonu [**....]
Gold:   128        SH:  7    Dex:  9    Spells: 3/3 levels left

rFire    . . .     SeeInvis .   a - +1 hand axe
rCold    . . .     Gourm    .   e - +0 kite shield
rNeg     . . .     Faith    .   l - +0 ring mail
rPois    +         Spirit   .   f - +0 helmet
rElec    .         Reflect  .   (no cloak)
rCorr    .         Harm     .   (no gloves)
MR       +....                  (no barding)
Stlth    ..........             (no amulet)
HPRegen  0.13/turn              j - ring of poison resistance
MPRegen  0.10/turn              b - ring of protection from magic

@: very quick
A: large, hooves 3, repulsion field 1, deformed body, speed 2, tough skin 3,
sturdy frame 1
a: Depart the Abyss, Bend Space, Renounce Religion


You were on level 3 of the Dungeon.
You worshipped Lugonu.
Lugonu was pleased with you.
You were very hungry.

You visited 1 branch of the dungeon, and saw 3 of its levels.
You visited the Abyss 1 time.

You collected 128 gold pieces.

Inventory:

Hand Weapons
 a - a +1 hand axe (weapon)
Armour
 e - a +0 kite shield (worn)
 f - a +0 helmet (worn)
 l - a +0 ring mail (worn)
Jewellery
 b - a ring of protection from magic (right hand)
 j - a ring of poison resistance (left hand)
Scrolls
 g - a scroll of remove curse
 i - a scroll of identify
Potions
 h - a potion of berserk rage {unknown}
 k - a potion of heal wounds {unknown}
 m - 2 potions of curing
 q - a potion of agility
Miscellaneous
 d - a sack of spiders
Comestibles
 c - 8 rations


   Skills:
 + Level 4.1 Fighting
 + Level 2.4 Axes
 * Level 2.0 Armour
 + Level 0.8 Dodging
 * Level 0.7 Shields
 * Level 2.9 Invocations
 + Level 0.1 Evocations


You had 3 spell levels left.
You didn't know any spells.
Your spell library was empty.

Dungeon Overview and Level Annotations

Branches:
Dungeon (3/15)

Altars:


Innate Abilities, Weirdness & Mutations

You have hooves in place of feet.
Armour fits poorly on your strangely shaped body.
You cover ground very quickly.
You have extremely tough skin. (AC +3)
You are surrounded by a mild repulsion field. (EV +2)
Your movements are slightly less encumbered by armour. (ER -2)


Message History

The orc hits you from afar with a +0 trident.
The orc priest hits you but does no damage.
You hit the orc.
The orc is lightly wounded.
You hit the orc priest but do no damage.
The orc hits you. You block the orc's attack.
The orc priest hits you but does no damage.
The orc hits you but does no damage.
Unknown command.
You hit the orc but do no damage.
The orc is lightly wounded.
You hit the orc priest. The orc hits you but does no damage.
The orc priest barely misses you. You block the orc's attack.
Unknown command.
You hit the orc priest.
The orc priest is moderately wounded.
You hit the orc.
The orc priest mumbles some strange prayers to Beogh against you.
Beogh smites you!
You die...

,,**,*,,,,,,,,,,,,,,,*
,,,,,,,,**,,*.##...##*
*,**,,,,,*,,*,......###
*,**,,,,,,,,*,........#
,,,,,*,,,##,*,,.......#
*,****,,,...#,,.......*
#.* *,,,.....##o...#**
#.###*,,,,,*#...oo..#
....#*,,,,,****#@†.#*
....#*,,,,,* #.###
....#******* #.# ....#
#.# ....###### ##.#
...<...)?######..#
....####.....##.##
.#...,.#......#.#
...........#..#.#


You could see an orc priest and 2 orcs.

Vanquished Creatures
  5 adders (D:2)
  A worm (D:2)
  3 dart slugs
  2 giant cockroaches (D:2)
  4 goblins
  5 hobgoblins
  4 jackals (D:3)
  5 kobolds
  2 ball pythons (D:1)
  5 bats
  5 frilled lizards
  A rat (D:2)
42 creatures vanquished.

Vanquished Creatures (collateral kills)
  A small abomination (Abyss:2)
1 creature vanquished.

Grand Total: 43 creatures vanquished

Notes
Turn   | Place    | Note
-------+----------+-------------------------------------------
     0 | Abyss:1  | Gargoyl the Centaur Abyssal Knight began the quest for the
                  | Orb.
     0 | Abyss:1  | Reached XP level 1. HP: 19/19 MP: 2/2
    55 | Abyss:1  | Noticed a large abomination
    59 | Abyss:1  | Gained mutation: Your movements are slightly less
                  | encumbered by armour. (ER -2) [potion of mutation]
    59 | Abyss:1  | Gained mutation: You are surrounded by a mild repulsion
                  | field. (EV +2) [potion of mutation]
    69 | Abyss:2  | Found a corrupted altar of Lugonu.
    76 | Abyss:2  | Noticed a small abomination
    77 | Abyss:2  | Noticed an eye of draining
    83 | Abyss:2  | Noticed a large abomination
   118 | Abyss:2  | Killed a small abomination
   118 | Abyss:2  | Reached XP level 2. HP: 27/27 MP: 3/3
   118 | Abyss:2  | Reached XP level 3. HP: 33/33 MP: 4/4
   129 | Abyss:2  | Noticed a starcursed mass
   130 | D:1      | Escaped the Abyss
   304 | D:1      | Reached * piety under Lugonu
   434 | D:1      | Reached skill level 4 in Fighting
   848 | D:2      | Reached XP level 4. HP: 36/40 MP: 5/5
  1848 | D:3      | Reached ** piety under Lugonu
  1858 | D:3      | Killed from afar by an orc priest

Levels and vault maps discovered:
D:1:      mrwooster_arrival_arrow, layout_rooms
D:2:      layout_basic
D:3:      layout_loops_cross, chequers_serial_rivers_room_a, okawaru_gym_becter

Skill      XL: |  1  2  3  4 |
---------------+-------------+-----
Axes           | 2 |  2.4
Fighting       | 4 |  4.1
Armour         | 2 |  2.0
Dodging        | |  0.8
Shields        | |  0.7
Invocations    | |  2.9
Evocations     | |  0.1

Action                   |  1- 3 |  4- 6 || total
-------------------------+-------+-------++-------
Melee: Hand axe          |    68 |    76 ||   144
       Kick              |    12 |    10 ||    22
Invok: Depart the Abyss  |     1 |       ||     1
Evoke: Sack of spiders   |     3 |       ||     3
  Use: Potion            |     1 |       ||     1
       Scroll            |       |     6 ||     6
  Eat: Chunk             |       |     1 ||     1
Armor: Leather armour    |    17 |       ||    17
       Ring mail         |    14 |    36 ||    50
Dodge: Dodged            |    29 |    33 ||    62
Block: Kite shield       |    31 |    26 ||    57

Table legend:
 A = Non-vault XP
 B = Vault XP
 C = Vault XP percentage of total XP
 D = Non-vault monster count
 E = Vault monster count
 F = Vault count percentage of total count
                 A         B        C        D         E       F
            +---------+---------+-------+---------+---------+-------
      Total |     180 |       0 |   0.0 |      43 |       0 |   0.0
            +---------+---------+-------+---------+---------+-------
        D:1 |      34 |       0 |   0.0 |      17 |       0 |   0.0
        D:2 |      91 |       0 |   0.0 |      19 |       0 |   0.0
        D:3 |      11 |       0 |   0.0 |       6 |       0 |   0.0
    Abyss:2 |      44 |       0 |   0.0 |       1 |       0 |   0.0
            +---------+---------+-------+---------+---------+-------
